 Dungeon Crawl Stone Soup version 0.31.0-12-g77e489cdc1 (webtiles) character file.

Game seed: 13014937167429796051

54 Silvore the Trooper (level 3, -5/29 HPs)
             Began as a Demonspawn Fighter on Feb 12, 2024.
             Slain by Sigmund
             ... wielding a +6 scythe of protection
              (7 damage)
             ... on level 2 of the Dungeon.
             The game lasted 00:01:34 (1344 turns).

Silvore the Trooper (Demonspawn Fighter)            Turns: 1344, Time: 00:01:35

Health: -5/29      AC: 18    Str: 18    XL:     3   Next: 66%
Magic:  3/3        EV:  7    Int: 11    God:
Gold:   77         SH:  5    Dex: 18    Spells: 2/2 levels left

rFire   . . .        a - +0 long sword
rCold   . . .        c - +0 buckler
rNeg    . . .        n - +3 chain mail "Poeff" {Int+3}
rPois   .            (no helmet)
rElec   .            (no cloak)
rCorr   .            (no gloves)
SInv    .            (no boots)
Will    .....        (no amulet) Stlth
                     l - +4 ring of protection
HPRegen 0.24/turn    o - +6 ring of dexterity
MPRegen 0.08/turn

%: no passive effects
@: mighty
A: icy blue scales 1
a: no special abilities


You were on level 2 of the Dungeon.
You visited 1 branch of the dungeon, and saw 2 of its levels.

You collected 77 gold pieces.

Inventory:

Hand Weapons
 a - a +0 long sword (weapon)
Armour
 b - a +0 scale mail
 c - a +0 buckler (worn)
 n - the +3 chain mail "Poeff" (worn) {Int+3}
   (You found it on level 2 of the Dungeon)

   Int+3:     It affects your intelligence (+3).
Jewellery
 l - a +4 ring of protection (left hand)
 o - a +6 ring of dexterity (right hand)
Scrolls
 f - a scroll of blinking {unknown}
 j - 3 scrolls of identify {unknown}
Potions
 d - a potion of might
 e - 3 potions of mutation {unknown}
 g - 3 potions of brilliance {unknown}
 h - 2 potions of curing {unknown}
 i - a potion of attraction {unknown}
 k - a potion of invisibility {unknown}
 m - a potion of ambrosia {unknown}


   Skills:
 + Level 3.3 Fighting
 + Level 2.4 Long Blades
 + Level 3.1 Armour
 + Level 0.3 Dodging
 + Level 3.1 Shields


You had 2 spell levels left.
You didn't know any spells.
Your spell library was empty.

Dungeon Overview and Level Annotations

Branches:
Dungeon (2/15)

Altars:

Annotations:
D:2 Sigmund


Innate Abilities, Weirdness & Mutations

You are partially covered in icy blue scales. (AC +2)


Message History

There is a faded altar of an unknown god here.
You open the door.
There is an open door here.
You open the door.
There is an open door here.
There is an escape hatch in the floor here.
Found a stone staircase leading down.
Sigmund and a quokka come into view.
Sigmund is wielding a +6 scythe of protection.
Sigmund shouts!
Sigmund mumbles some strange words.
Sigmund flickers and vanishes!
Deactivating autopickup; reactivate with Ctrl-A.
A quokka is nearby!
You hit the quokka but do no damage. The quokka closely misses you.
You closely miss the quokka.
A bat comes into view.
The quokka bites you but does no damage.
The quokka barely misses you.
The bat moves out of view.
You barely miss the quokka.
The quokka bites you but does no damage.
Something hits you but does no damage.
You hit the quokka but do no damage.
The quokka bites you but does no damage.
You block the quokka's attack. Something hits you!
You closely miss the quokka. The quokka bites you. Something hits you.
You closely miss the quokka. The quokka bites you.
* * * LOW HITPOINT WARNING * * *
The quokka bites you but does no damage.
Unknown command.
You feel very mighty all of a sudden. Something hits you but does no damage.
The quokka bites you but does no damage.
Unknown command.
You slash the quokka!
You kill the quokka!
Something hits you.
* * * LOW HITPOINT WARNING * * *
Something hits you!
You die...

#....##.........##.#...[.......##
###.####8.....8##.............>.#
##..# ###.....##..........#......
#..####.##8.8##.##.........####..
..####...##+##....#..รท).#..#####.
.#.......##....#..#...........##.
.#.####.########...............).
#..####.# ####........)...##.
..##....# #.@..........##...(
.#...#### #.{###.........####.
...### #..# ##.........###. .###
#.. ............... .# ..#
...########..... .# ... ... #...#.
## ... .. ##.... # .. #...# ##.##


There were no monsters in sight!

Vanquished Creatures
  An adder (D:2)
  2 dart slugs
  7 ball pythons
  2 bats (D:1)
  5 endoplasms
  A giant cockroach (D:2)
  2 goblins (D:2)
  4 hobgoblins
  5 kobolds
  2 quokkas (D:2)
  A frilled lizard (D:2)
  7 rats
39 creatures vanquished.

Notes
Turn   | Place    | Note
-------+----------+-------------------------------------------
     0 | D:1      | Silvore the Demonspawn Fighter began the quest for the Orb.
     0 | D:1      | Reached XP level 1. HP: 18/18 MP: 1/1
   375 | D:1      | Gained mutation: You are partially covered in icy blue
                  | scales. (AC +2) [demonic ancestry]
   375 | D:1      | Reached XP level 2. HP: 24/24 MP: 2/2
   905 | D:2      | Identified the +3 chain mail "Poeff" {Int+3}
   942 | D:2      | Reached XP level 3. HP: 18/29 MP: 3/3
  1259 | D:2      | Found a faded altar of an unknown god.
  1334 | D:2      | Noticed Sigmund
  1344 | D:2      | Slain by Sigmund

Illustrated notes

Levels and vault maps discovered:
D:1:      scummos_arrival_forest, layout_basic, minmay_misc_feat_square
D:2:      layout_rooms, shapermc_ecumenical_altar_ellora, dk_noncrumbling_4,
          uniq_sigmund

Skill      XL: |  1  2 |
---------------+-------+-----
Long Blades    | 2 |  2.4
Armour         | 3 |  3.1
Shields        | 3 |  3.1
Fighting       | |  3.3
Dodging        | |  0.3

Action                     || total
---------------------------++-------
  Melee: Long sword        ||   122
    Use: Scroll            ||     2
         Potion            ||     1
 Armour: Scale mail        ||    35
         Chain mail        ||    62
  Dodge: Dodged            ||    42
  Block: Buckler           ||    29
